 Dungeon Crawl Stone Soup version 0.27.0-1-g7a089689b8 (webtiles) character file.

Game seed: 3805075621703479493

81 mrzisme the Chopper (level 4, -7/28 HPs)
             Began as a Gargoyle Fighter on Aug 17, 2021.
             Killed by an exploding goblin (35 damage)
             ... ignited by their inner flame
             ... on level 3 of the Dungeon.
             The game lasted 00:04:12 (2348 turns).

mrzisme the Chopper (Gargoyle Fighter)              Turns: 2348, Time: 00:04:12

Health: -7/28      AC: 10    Str: 20    XL:     4   Next: 40%
Magic:  4/4        EV:  7    Int:  9    God:
Gold:   78         SH:  9    Dex:  9    Spells: 3/3 levels left

rFire    . . .     SeeInvis .   a - +0 war axe
rCold    . . .     Faith    .   c - +0 kite shield
rNeg     + . .     Spirit   .   b - +0 scale mail
rPois    ∞         Reflect  .   (no helmet)
rElec    +         Harm     .   (no cloak)
rCorr    .         Rampage  .   (no gloves)
Will     .....                  (no boots)
Stlth    ..........             (no amulet)
HPRegen  0.09/turn              (no ring)
MPRegen  0.09/turn              (no ring)

@: no status effects
A: sickness immunity, AC +3, negative energy resistance 1, electricity
resistance, torment resistance 1, petrification resistance
a: no special abilities


You were on level 3 of the Dungeon.
You visited 1 branch of the dungeon, and saw 3 of its levels.

You collected 78 gold pieces.

Inventory:

Hand Weapons
 a - a +0 war axe (weapon)
Missiles
 e - a throwing net (quivered)
 k - 14 arrows
Armour
 b - a +0 scale mail (worn)
 c - a +0 kite shield (worn)
Scrolls
 l - 3 scrolls of teleportation
Potions
 d - a potion of might
 f - 2 potions of cancellation {unknown}
 i - 2 potions of curing {unknown}


   Skills:
 - Level 3.2 Fighting
 * Level 3.9 Axes
 - Level 3.2 Armour
 - Level 0.8 Dodging
 - Level 0.1 Stealth
 - Level 3.2 Shields


You had 3 spell levels left.
You didn't know any spells.
Your spell library was empty.

Dungeon Overview and Level Annotations

Branches:
Dungeon (3/15)

Altars:

Shops:
D:1 :


Innate Abilities, Weirdness & Mutations

You are immune to sickness and miasma.
Your stone body is resilient. (AC +3)
You are immune to poison.
You resist negative energy. (rN+)
You are resistant to electric shocks. (rElec)
You are resistant to unholy torment.
You are immune to petrification.


Message History

The quokka moves out of view.
Found a ruby potion.
A quokka is nearby!
A quokka is nearby!
The quokka bites you but does no damage.
There is an open door here.
You slash the quokka!
You kill the quokka!
No target in view!
f - 2 ruby potions (gained 1)
There is an open door here.
Found 25 bolts.
Done exploring.
Done exploring.
Done exploring.
You see here 25 bolts.
There is a stone staircase leading down here.
You climb downwards.
You hear the sound of rushing water.
There is an entrance to a sewer on this level.
Hurry and find it before the portal rusts away!
A goblin comes into view. It is wielding a +0 dagger.
The goblin shouts!
There is a stone staircase leading up here.
As you read the scroll labelled JUNANU LASMAU, it crumbles to dust.
The creatures around you are filled with an inner flame!
It was a scroll of immolation.
As you read the scroll labelled GAUBRY AKKA, it crumbles to dust.
It is a scroll of amnesia.
You feel forgetful for a moment.
As you read the scroll labelled REOTUTHRULAS, it crumbles to dust.
It is a scroll of identify.
l - 3 scrolls of teleportation
Okay, then.
Okay, then.
Okay, then.
You hit the goblin.
The goblin explodes!
The fiery explosion engulfs you!!
Ouch! That really hurt!
You die...

## #...########
#......<§§.#####
#.......@§§.....
#..#######§#..##
# .. # ..# ...
##


There were no monsters in sight!

Vanquished Creatures
  Terence (D:2)
  An adder (D:2)
  A dart slug (D:2)
  6 endoplasms
  5 hobgoblins
  4 jackals (D:1)
  6 kobolds
  2 quokkas
  4 ball pythons
  5 bats
  2 frilled lizards
  3 goblins
  3 rats
43 creatures vanquished.

Notes
Turn   | Place    | Note
-------+----------+-------------------------------------------
     0 | D:1      | mrzisme the Gargoyle Fighter began the quest for the Orb.
     0 | D:1      | Reached XP level 1. HP: 14/14 MP: 1/1
   393 | D:1      | Reached XP level 2. HP: 19/19 MP: 2/2
   777 | D:1      | Found Wumept's Book Shop.
  1026 | D:1      | Reached XP level 3. HP: 22/23 MP: 3/3
  1773 | D:2      | Found a faded altar of an unknown god.
  1889 | D:2      | Noticed Terence
  1911 | D:2      | Killed Terence
  1912 | D:2      | Reached XP level 4. HP: 15/28 MP: 4/4
  2348 | D:3      | Killed by an exploding goblin... ignited by their inner
                  | flame

Illustrated notes

Levels and vault maps discovered:
D:1:      dpeg_arrival_pits, layout_basic, serial_shops, shop
D:2:      kennysheep_six_static_rooms, layout_basic,
          shapermc_ecumenical_altar_venn, uniq_terence
D:3:      layout_loops_ring, lemuel_crystal_altar, cheibrodos_sewer_entry_sluice

Skill      XL: |  1  2  3 |
---------------+----------+-----
Axes           | 2 3 |  3.9
Fighting       | |  3.2
Armour         | |  3.2
Dodging        | |  0.8
Stealth        | |  0.1
Shields        | |  3.2

Action                   |  1- 3 |  4- 6 || total
-------------------------+-------+-------++-------
Melee: War axe           |   121 |    29 ||   150
  Use: Scroll            |       |     3 ||     3
Armor: Scale mail        |    74 |    22 ||    96
Dodge: Dodged            |    49 |     4 ||    53
Block: Kite shield       |    77 |    20 ||    97
